 Dungeon Crawl Stone Soup version 0.22.1-1-ga44c0e56f4 (webtiles) character file.

11279 Gargoyl the Fighter (level 11, -2/95 HPs)
             Began as a Centaur Abyssal Knight on Nov 9, 2018.
             Was a High Priest of Lugonu.
             Slain by a stone giant (19 damage)
             ... in a volcano.
             The game lasted 00:20:15 (12388 turns).

Gargoyl the Fighter (Centaur Abyssal Knight)       Turns: 12388, Time: 00:20:16

Health: -2/95      AC: 23    Str: 25    XL:     11   Next: 47%
Magic:  9/17       EV:  5    Int: 12    God:    Lugonu [*****.]
Gold:   937        SH: 15    Dex: 18    Spells: 10/10 levels left

rFire    . . .     SeeInvis .   D - +4 war axe
rCold    . . .     Gourm    .   m - +4 shield of the Final Curses {rN+ Str+5 Int-4}
rNeg     + . .     Faith    .   l - +6 chain mail
rPois    .         Spirit   .   (no helmet)
rElec    .         Reflect  .   C - +0 cloak {+Inv}
rCorr    .         Harm     .   (no gloves)
MR       .....     NoCast   +   z - +1 centaur barding "Uqyomaih" {-Cast Int+5 Slay+4}
Stlth    ..........             o - amulet of regeneration
HPRegen  0.65/turn              v - +2 ring of dexterity
MPRegen  0.15/turn              u - +4 ring of dexterity

@: mighty, very quick
A: large, claws 1, hooves 3, deformed body, speed 2, tough skin 3, sturdy frame
1
a: Depart the Abyss, Bend Space, Banish, Corrupt, Enter the Abyss, Renounce
Religion, Evoke Invisibility


You were in a volcano.
You worshipped Lugonu.
Lugonu was extremely pleased with you.
You were hungry.

You visited 2 branches of the dungeon, and saw 11 of its levels.
You visited the Abyss 1 time.
You also visited: Sewer and Volcano.

You collected 937 gold pieces.

Inventory:

Hand Weapons
 a - a +4 hand axe
 D - a +4 war axe (weapon)
Missiles
 n - 6 javelins (quivered)
Armour
 l - a +6 chain mail (worn)
 m - the +4 shield of the Final Curses (worn) {rN+ Str+5 Int-4}
   (You found it on level 4 of the Dungeon)

   It affects your strength (+5).
   It affects your intelligence (-4).
   It protects you from negative energy.
 z - the +1 centaur barding "Uqyomaih" (worn) {-Cast Int+5 Slay+4}
   (You acquired it on level 9 of the Dungeon)

   It affects your intelligence (+5).
   It affects your accuracy and damage with ranged weapons and melee attacks
   (+4).
   It prevents spellcasting.
 C - a +0 cloak of invisibility (worn)
Jewellery
 f - an uncursed ring of see invisible
 o - an amulet of regeneration (around neck)
 u - a +4 ring of dexterity (right claw)
 v - a +2 ring of dexterity (left claw)
 A - an uncursed ring of resist corrosion
Wands
 r - a wand of polymorph (11)
 t - a wand of iceblast (5)
 y - a wand of flame (61)
 B - a wand of clouds (13)
Scrolls
 h - 7 scrolls of remove curse
 i - 3 scrolls of fog
 j - 7 scrolls of teleportation
 k - 4 scrolls of identify
 s - a scroll of blinking
Potions
 b - 4 potions of berserk rage
 d - 3 potions of curing
 p - 5 potions of flight
 q - a potion of invisibility
 w - a potion of brilliance
 x - a potion of haste
 E - a potion of agility
Miscellaneous
 e - a lightning rod (4/4)
Comestibles
 c - 19 rations


   Skills:
 + Level 8.6 Fighting
 + Level 8.2 Axes
 + Level 0.6 Throwing
 * Level 7.3 Armour
 + Level 2.2 Dodging
 + Level 4.8 Shields
 * Level 8.4 Invocations
 + Level 0.7 Evocations


You had 10 spell levels left.
You didn't know any spells.
Your spell library contained the following spells:

 Spells                   Type           Power        Failure   Level  Hunger
 Infusion                 Chrm           #...         96%         1    ##.....
 Shock                    Conj/Air       #...         96%         1    ##.....
 Shroud of Golubria       Chrm/Tloc      #.........   99%         2    ###....
 Song of Slaying          Chrm           #.......     99%         2    ###....
 Swiftness                Chrm/Air       #.......     99%         2    ###....
 Regeneration             Chrm/Necr      #.........   100%        3    ####...
 Spectral Weapon          Hex/Chrm       #.......     100%        3    ####...
 Static Discharge         Conj/Air       #.......     100%        3    ####...
 Airstrike                Air            #.........   100%        4    #####..
 Lightning Bolt           Conj/Air       #.........   100%        5    ######.


Dungeon Overview and Level Annotations

Branches:
Dungeon (10/15)            Temple (0/1) D:5            Lair (1/6) D:10
    Orc (0/2) D:9

Altars:
Cheibriados
Hepliaklqana
Makhleb
Okawaru
Sif Muna
Vehumet
Wu Jian
Zin
The Shining One

Annotations:
D:9 2 transporters, vierth's ghost, novice MiFi


Innate Abilities, Weirdness & Mutations

You have hooves in place of feet.
Armour fits poorly on your strangely shaped body.
You cover ground very quickly.
You have extremely tough skin. (AC +3)
You have sharp fingernails.
Your movements are slightly less encumbered by armour. (ER -2)


Message History

You kick the earth elemental.
The earth elemental is heavily damaged.
You slash the earth elemental! You kick the earth elemental!
You destroy the earth elemental!
Lugonu accepts your kill.
The stone giant throws a large rock.
The large rock hits you!!
* * * LOW HITPOINT WARNING * * *
You feel much better.
The stone giant throws a large rock.
The large rock hits you!!
* * * LOW HITPOINT WARNING * * *
Press: ? - help, Shift-Dir - straight line, f - stone giant
Aim: a stone giant (chance to defeat MR: 38%)
The stone giant resists with some effort.
You are feeling hungry.
You feel better. You block the stone giant's attack.
Press: ? - help, Shift-Dir - straight line, f/p - stone giant
Aim: a stone giant (chance to defeat MR: 38%)
The stone giant resists with some effort.
You feel somewhat more hungry. The stone giant hits you!!
You die...

≈≈≈≈≈≈≈≈
§§.............§≈≈§≈≈≈≈
≈≈§≈≈≈
######'########§§§≈≈≈≈§
§§§§≈ #.# #.≈≈≈≈≈≈≈ §§§
#.# #.§≈≈≈≈≈≈ §§≈ #.#
#..≈≈≈≈≈≈ #.# #.≈≈§≈≈≈≈
#.#.######..≈≈≈≈≈≈
#)#......#.≈≈≈≈≈≈≈
#@###++###..≈§≈≈≈≈
#.C...# #.≈≈§§≈§§
#.8_8.# #.≈§≈§≈≈§
.'.....+ #.≈≈≈≈≈≈≈
######### #.≈≈≈≈≈≈§
..≈§§≈≈≈≈ ≈≈≈≈≈§§≈≈ ≈ §
§§§≈≈ ≈≈§ S≈§≈≈


You could see a stone giant.

Vanquished Creatures
  Erolcha (D:9)
  A two-headed ogre (D:8)
  Maurice (D:8)
  2 gargoyles (Volcano)
  A smoke demon (Abyss:2)
  A komodo dragon (Lair:1)
  An efreet (Volcano)
  A troll (D:10)
  2 hippogriffs
  Grinder (D:4)
  2 fire bats (Volcano)
  A vampire (D:10)
  3 wyverns
  A neqoxec (Abyss:2)
  A hungry ghost (D:10)
  A water moccasin (Lair:1)
  2 porcupines (Lair:1)
  2 black bears
  2 ice beasts (D:9)
  2 orc warriors (D:8)
  4 sky beasts
  A phantom (D:4)
  22 wolves (Lair:1)
  4 ogres
  A necrophage (D:10)
  A centaur (D:10)
  2 crocodiles (Lair:1)
  Blork the orc (D:5)
  7 bullfrogs
  A big kobold (D:9)
  An earth elemental (Volcano)
  3 scorpions
  A water moccasin skeleton (D:10)
  3 wights (D:10)
  4 crimson imps
  2 howler monkeys
  4 lava snakes (Volcano)
  A bullfrog zombie (D:8)
  4 hounds
  3 jellies
  4 orc priests
  5 orc wizards
  4 centaur skeletons
  3 iguanas
  5 worker ants
  A killer bee zombie (D:9)
  A hound zombie (D:8)
  A hound skeleton (D:10)
  2 worker ant zombies
  3 gnolls (D:9)
  A howler monkey skeleton (D:10)
  10 adders
  2 river rats (D:5)
  6 shadow imps
  6 oozes (Sewer)
  An adder skeleton (D:6)
  8 worms
  2 dart slugs
  13 leopard geckos
  30 orcs
  15 bats
  9 giant cockroaches
  8 goblins
  3 hobgoblins
  18 jackals
  6 quokkas
  5 ball pythons
  6 frilled lizards
  15 kobolds
  2 leopard gecko skeletons
  7 rats
  A fungus (Lair:1)
  A plant (D:10)
303 creatures vanquished.

Vanquished Creatures (others)
  An orc warrior (D:8)
  A fungus (Lair:1)
2 creatures vanquished.

Grand Total: 305 creatures vanquished

Notes
Turn   | Place    | Note
-------+----------+-------------------------------------------
     0 | Abyss:1  | Gargoyl the Centaur Abyssal Knight began the quest for the
                  | Orb.
     0 | Abyss:1  | Reached XP level 1. HP: 19/19 MP: 2/2
    77 | Abyss:2  | Noticed a neqoxec
    78 | Abyss:2  | Noticed an iron imp
    79 | Abyss:2  | Gained mutation: You are weak. (Str -2) [a neqoxec]
    81 | Abyss:2  | Killed a neqoxec
    81 | Abyss:2  | Reached XP level 2. HP: 19/28 MP: 3/3
    82 | Abyss:2  | Reached XP level 3. HP: 24/34 MP: 4/4
    82 | Abyss:2  | Reached XP level 4. HP: 29/41 MP: 5/5
    85 | Abyss:2  | Noticed a smoke demon
    89 | Abyss:2  | Noticed a ynoxinul
    90 | Abyss:2  | Killed a smoke demon
    90 | Abyss:2  | Reached XP level 5. HP: 50/50 MP: 5/7
    91 | Abyss:2  | Reached XP level 6. HP: 57/57 MP: 5/8
   102 | D:1      | Escaped the Abyss
   389 | D:1      | Reached * piety under Lugonu
  1163 | D:2      | Reached skill level 1 in Dodging
  1578 | D:3      | Reached ** piety under Lugonu
  1942 | D:3      | Reached XP level 7. HP: 48/63 MP: 9/9
  2883 | D:4      | Found a deep blue altar of Sif Muna.
  3562 | D:4      | Noticed Grinder
  3590 | D:4      | Killed Grinder
  3658 | D:4      | Got a heavily runed shield
  4006 | D:3      | Identified the +4 shield of the Final Curses {rN+ Str+5
                  | Int-4} (You found it on level 4 of the Dungeon)
  4224 | D:4      | Reached XP level 8. HP: 64/71 MP: 11/11
  4328 | D:4      | Reached *** piety under Lugonu
  4603 | D:5      | Entered Level 5 of the Dungeon
  4683 | D:5      | Found a glowing drain.
  4711 | Sewer    | Entered a sewer
  5438 | D:5      | Noticed Blork the orc
  5441 | D:5      | Killed Blork the orc
  5660 | D:5      | Reached skill level 1 in Shields
  5866 | D:5      | Found a staircase to the Ecumenical Temple.
  6010 | D:5      | Reached **** piety under Lugonu
  6551 | D:6      | Reached skill level 5 in Axes
  6987 | D:7      | Found a radiant altar of Vehumet.
  6999 | D:7      | Reached skill level 5 in Invocations
  7238 | D:7      | Found an iron altar of Okawaru.
  7556 | D:7      | Reached XP level 9. HP: 60/78 MP: 12/12
  7696 | D:7      | Found a snail-covered altar of Cheibriados.
  7883 | D:8      | Lost mutation: You are weak. (Str -2) [potion of mutation]
  7883 | D:8      | Gained mutation: You have sharp fingernails. [potion of
                  | mutation]
  7883 | D:8      | Gained mutation: Your movements are slightly less
                  | encumbered by armour. (ER -2) [potion of mutation]
  7899 | D:8      | Reached skill level 5 in Armour
  8177 | D:8      | HP: 1/78 [orc warrior/glaive (21)]
  8536 | D:8      | Found a burning altar of Makhleb.
  8602 | D:8      | Found a hazy altar of Hepliaklqana.
  9362 | D:8      | Found a glowing silver altar of Zin.
  9363 | D:8      | Found an ornate altar of the Wu Jian Council.
  9520 | D:9      | Found a transporter.
  9523 | D:9      | Identified a scroll of acquirement
  9524 | D:9      | Got an ancient centaur barding
  9530 | D:9      | Identified the +1 centaur barding "Uqyomaih" {-Cast Int+5
                  | Slay+4} (You acquired it on level 9 of the Dungeon)
  9802 | D:9      | Found a transporter.
  9802 | D:9      | Noticed vierth's ghost (novice MiFi)
  9845 | D:9      | Noticed Maurice
  9849 | D:9      | Noticed a two-headed ogre
  9943 | D:8      | Killed Maurice
 10006 | D:8      | Killed a two-headed ogre
 10006 | D:8      | Reached XP level 10. HP: 76/86 MP: 14/14
 10179 | D:9      | Found a glowing golden altar of the Shining One.
 10197 | D:9      | Found a staircase to the Orcish Mines.
 10273 | D:9      | Noticed a deep elf mage
 10330 | D:9      | Noticed Erolcha
 10341 | D:9      | Killed Erolcha
 10597 | D:10     | Entered Level 10 of the Dungeon
 10716 | D:10     | Reached ***** piety under Lugonu
 10999 | D:10     | Found a staircase to the Lair.
 11181 | D:10     | Got a fine plate armour
 11192 | D:10     | Identified the +1 plate armour "Darch" {rN+} (You found it
                  | on level 10 of the Dungeon)
 11259 | D:10     | Found a burning altar of Makhleb.
 11608 | Lair:1   | Entered Level 1 of the Lair of Beasts
 11703 | Lair:1   | Reached XP level 11. HP: 51/95 MP: 16/16
 12069 | Lair:1   | Found a dark tunnel.
 12083 | Volcano  | Entered a volcano
 12362 | Volcano  | Found a radiant altar of Vehumet.
 12382 | Volcano  | Noticed a stone giant
 12388 | Volcano  | Slain by a stone giant

Skill      XL: |  1  2  3  4  5  6  7  8  9 10 11 |
---------------+----------------------------------+-----
Fighting       | 4 6 7 8 |  8.6
Axes           | 2 3 4 5 6 7 8 |  8.2
Armour         | 2 4 6 7 |  7.3
Invocations    | 3 4 5 6 7 8 |  8.4
Dodging        | 1 2 |  2.2
Shields        | 1 3 4 |  4.8
Throwing       | |  0.6
Evocations     | |  0.7

Action                   |  1- 3 |  4- 6 |  7- 9 | 10-12 || total
-------------------------+-------+-------+-------+-------++-------
Melee: Hand axe          |       |   160 |   521 |    68 ||   749
       Kick              |       |    26 |   169 |   108 ||   303
       War axe           |       |       |       |   195 ||   195
Throw: Tomahawk          |       |       |     3 |       ||     3
Invok: Depart the Abyss  |       |     1 |       |       ||     1
       Bend Space        |       |       |     3 |       ||     3
       Banish            |       |       |     1 |     2 ||     3
Evoke: Lightning rod     |     3 |     6 |       |       ||     9
  Use: Potion            |       |     1 |     7 |     3 ||    11
       Scroll            |       |    10 |    18 |     4 ||    32
  Eat: Chunk             |       |     2 |     8 |     5 ||    15
       Ration            |       |       |     4 |     1 ||     5
Armor: Chain mail        |       |    72 |   386 |   127 ||   585
       Ring mail         |       |    70 |       |       ||    70
       Skin              |       |    14 |       |       ||    14
       Leather armour    |       |     2 |       |       ||     2
Dodge: Dodged            |       |    70 |    69 |    25 ||   164
Block: Shield            |       |       |   334 |   196 ||   530
